 Dungeon Crawl Stone Soup version 0.20.0-15-g7f486f2 (webtiles) character file.

296214 Naow the Warrior (level 22, -1/186 HPs)
             Began as a Formicid Fighter on June 14, 2017.
             Was the Champion of Okawaru.
             Slain by a spark wasp (4 damage)
             ... on level 4 of the Depths.
             The game lasted 02:32:36 (58917 turns).

Naow the Warrior (Formicid Fighter)                Turns: 58917, Time: 02:32:37

Health: -1/186     AC: 22    Str: 34    XL:     22   Next: 21%
Magic:  28/29      EV: 19    Int:  9    God:    Okawaru [******]
Gold:   3249       SH: 25    Dex: 10    Spells: 28/30 levels left

rFire    + + .     SeeInvis +   T - +5 demon whip (flame)
rCold    + + .     Gourm    .   s - +1 large shield {reflect}
rNeg     . . .     Faith    +   B - +4 ring mail "Buomn" {rF+ Str+4 Slay+6}
rPois    +         Spirit   .   (helmet unavailable)
rElec    +         Reflect  +   Y - scarf {repulsion}
rCorr    .         Harm     .   v - +0 pair of gloves "Poijus" {rElec rC+}
MR       ++...                  L - +2 pair of boots of the Assassin {Detection Stab+ Stlth++}
Stlth    ++++......             b - amulet of faith
Regen    0.5/turn               c - ring of protection from cold
MPRegen  0.3/turn               C - ring of poison resistance

@: heroism, repel missiles
A: permanent stasis, dig shafts and tunnels, four strong arms, antennae 3, slimy
green scales 1, fire resistance 1, sense surroundings 1
}: 1/15 runes: gossamer
a: Dig, Shaft Self, Heroism, Finesse, Renounce Religion


You were on level 4 of the Depths.
You worshipped Okawaru.
Okawaru was exalted by your worship.
You were not hungry.

You visited 7 branches of the dungeon, and saw 33 of its levels.
You visited the Abyss 1 time.
You also visited: Ice Cave.

You collected 4326 gold pieces.
You spent 1077 gold pieces at shops.

Inventory:

Hand Weapons
 a - a +2 battleaxe of freezing
 t - the +6 broad axe of Nemelex Xobeh's Favour {antimagic, +Rage rPois Str+3}
   (You acquired it on level 13 of the Dungeon)

   It reduces the magical energy of the wielder, and disrupts the spells and
   magical abilities of those hit.
   Natural abilities and divine invocations are not affected.
   It affects your strength (+3).
   It protects you from poison.
   It lets you go berserk.
 T - a +5 demon whip of flaming (weapon)
Armour
 j - the +4 large shield of Mihouma {rPois rC- MR+}
   (You bought it in a shop on level 2 of the Orcish Mines)

   It makes you vulnerable to cold.
   It protects you from poison.
   It affects your resistance to hostile enchantments.
 s - a +1 large shield of reflection (worn)
 v - the +0 pair of gloves "Poijus" (worn) {rElec rC+}
   (Okawaru gifted it to you on level 2 of the Depths)

   It protects you from cold.
   It insulates you from electricity.
 x - a +2 pair of gloves of archery
 B - the +4 ring mail "Buomn" (worn) {rF+ Str+4 Slay+6}
   (You found it on level 5 of the Lair of Beasts)

   It affects your strength (+4).
   It affects your accuracy and damage with ranged weapons and melee attacks
   (+6).
   It protects you from fire.
 G - +0 gold dragon scales
 L - the +2 pair of boots of the Assassin (worn) {Detection Stab+ Stlth++}
   (You found it on level 3 of the Depths)

   It makes you much more stealthy.
 P - the +4 ring mail of Rezej {rF+ Regen+ Str+3 Dex-5, unknown}
   (You found it on level 3 of the Depths)

   It affects your strength (+3).
   It affects your dexterity (-5).
   It protects you from fire.
   It increases your rate of regeneration.
 Y - a scarf of repulsion (worn)
Jewellery
 b - an amulet of faith (around neck)
 c - a ring of protection from cold (left hand)
 o - an uncursed amulet of guardian spirit
 A - a cursed amulet of inaccuracy {unknown}
 C - a ring of poison resistance (right hand)
 E - an uncursed ring of protection from fire
 F - a +3 ring of dexterity
 J - a +5 ring of intelligence
 O - an uncursed ring of flight {unknown}
 S - an uncursed ring of stealth {unknown}
 V - an uncursed ring of protection from magic
Wands
 d - a wand of disintegration (8/24)
 n - a wand of digging (9/24)
 r - a wand of digging (10/24)
 W - a wand of scattershot (4/9)
 X - a wand of clouds (2/9)
 Z - a wand of acid (3/15)
Scrolls
 e - 21 scrolls of identify
 k - 3 scrolls of magic mapping
 m - a scroll of recharging
 p - 13 scrolls of remove curse
 z - a scroll of fog
 M - 8 scrolls of fear
Potions
 h - 3 potions of flight
 i - 4 potions of ambrosia
 l - 7 potions of mutation
 w - 4 potions of curing
 D - 5 potions of might
 H - a potion of brilliance
 I - 2 potions of cancellation
 N - 2 potions of magic
 Q - 3 potions of resistance
Books
 K - a book of the Earth

   Spells                             Type                      Level
   a - Leda's Liquefaction            Hexes/Earth                  4
   b - Bolt of Magma                  Conjuration/Fire/Earth       5
   c - Statue Form                    Transmutation/Earth          6
   d - Iron Shot                      Conjuration/Earth            6
   e - Shatter                        Earth                        9
 R - a book of Frost

   Spells                             Type                      Level
   a - Freeze                         Ice                          1
   b - Throw Frost                    Conjuration/Ice              2
   c - Ozocubu's Armour               Charms/Ice                   3
   d - Throw Icicle                   Conjuration/Ice              4
   e - Summon Ice Beast               Ice/Summoning                4
 U - the Disquisition on Enthralling Talismans
   (You found it on level 3 of the Depths)

   Spells                             Type                      Level
   a - Infusion                       Charms                       1
   b - Song of Slaying                Charms                       2
   c - Slow                           Hexes                        2
   d - Spectral Weapon                Hexes/Charms                 3
Comestibles
 f - 14 bread rations
 g - 6 meat rations
 q - 26 royal jellies
 u - 22 fruits


   Skills:
 * Level 18.9(23.9) Fighting
 - Level 18.1(23.1) Axes
 + Level 17.9(22.9) Armour
 + Level 11.9(16.9) Dodging
 + Level 14.0(19.0) Shields
 - Level 4.9 Spellcasting
 - Level 7.7 Transmutations
 - Level 9.1 Earth Magic
 - Level 10.1 Invocations


You had 28 spell levels left.
You knew the following spells:

 Your Spells              Type           Power        Failure   Level  Hunger
a - Passwall              Tmut/Erth      ###.......   1%          2    ##.....


Dungeon Overview and Level Annotations

Branches:
Dungeon (15/15)            Temple (1/1) D:7            Lair (6/6) D:8
 Shoals (0/4) Lair:2       Spider (4/4) Lair:2        Slime (0/5) Lair:5
    Orc (2/2) D:10            Elf (1/3) Orc:2        Vaults (0/5) D:14
 Depths (4/5) D:15

Altars:
Ashenzari
Cheibriados
Dithmenos
Elyvilon
Fedhas
Gozag
Hepliaklqana
Kikubaaqudgha
Makhleb
Nemelex Xobeh
Okawaru
Qazlal
Ru
Sif Muna
Trog
Uskayaw
Vehumet
Xom
Yredelemnul
Zin
The Shining One
Beogh
Lugonu

Shops:
D:9 !   D:12 =   Orc:2 :(*[

Portals:
Hell: Depths:1 Depths:2 Depths:3
Abyss: Depths:1
Pandemonium: Depths:3 Depths:4
Ziggurat: Depths:1

Annotations:
D:10 1 transporter
Lair:2 exclusion: 2 oklob plants


Innate Abilities, Weirdness & Mutations

You cannot be hasted, slowed, berserked, paralysed or teleported.
You can dig through walls and to a lower floor.
Your four strong arms can wield two-handed weapons with a shield.
You have a pair of large antennae on your head. (SInv)
You are partially covered in slimy green scales. (AC +2)
Your flesh is heat resistant. (rF+)
You passively map a small area around you.


Message History

* * * LOW HITPOINT WARNING * * *
The spark wasp shocks you. You resist.
* * * LOW HITPOINT WARNING * * *
You whack the spark wasp! You burn the spark wasp.
The spark wasp is almost dead.
You block the spark wasp's attack.
You thrash the spark wasp!! You burn the spark wasp.
You kill the spark wasp!
Okawaru accepts your kill. The spark wasp stings you!!
* * * LOW HITPOINT WARNING * * *
The spark wasp shocks you. You resist.
* * * LOW HITPOINT WARNING * * *
Okay, then.
You closely miss the spark wasp.
The spark wasp is moderately wounded.
The spark wasp stings you!
* * * LOW HITPOINT WARNING * * *
The spark wasp shocks you. You resist.
You die...

, * ,,_ ,≈ #* , * ≈ , ,, .# {*
≈ ≈ ≈ ,... ** * ** *##++###...P
,
#####################..........
......................[.....P..
...#..............##.)#...T....
..###..#.#..#.#...#....##.P....
...#....#......†@##)...##....∩.
.......#(#..#.#y..[..........TT
#.##.((.[)..(....##.#.##.#...P.
######..##...###.######*## ...
######### ### * # *


You could see a spark wasp.

Vanquished Creatures
  A juggernaut (Depths:2)
  Boris (Depths:4)
  Sojobo (Depths:3)
  Margery (Depths:2)
  4 golden dragons
  A lich (Depths:2)
  2 titans (Depths:2)
  3 sphinxes (Depths:2)
  2 tengu reavers
  Frances (Spider:1)
  A storm dragon (Depths:3)
  4 fire giants
  4 ghost moths (Spider:4)
  6 frost giants
  A deep elf sorcerer (Depths:2)
  Louise (Spider:4)
  An orc warlord (Orc:2)
  7 emperor scorpions
  A deep elf elementalist (Depths:3)
  2 reapers
  8 stone giants
  3 entropy weavers
  2 vampire knights
  Nessos (D:12)
  2 deep elf demonologists
  11 spark wasps
  A dire elephant (Lair:6)
  A merfolk impaler (Depths:2)
  5 ettins
  A blizzard demon (Depths:3)
  8 fire dragons
  6 yaktaur captains
  A quicksilver dragon skeleton (Depths:1)
  5 great orbs of eyes (Depths:2)
  5 rakshasas
  The ghost of mrks the Carver, a journeyman MiFi of Okawaru (IceCv)
  16 hydras
  4 vault guards (D:14)
  3 spriggan air magi
  7 ice dragons
  Erolcha (D:10)
  Harold (Lair:2)
  2 catoblepae (Lair:6)
  Erica (D:11)
  6 centaur warriors
  11 two-headed ogres
  4 ogre magi
  6 deep troll shamans
  7 tengu warriors
  11 death yaks
  3 vampire magi
  An orc high priest (Orc:2)
  4 deep troll earth magi
  2 spriggans (Depths:2)
  Urug (Orc:2)
  2 spriggan berserkers
  A soul eater (Depths:3)
  Sonja (Orc:2)
  3 iron trolls
  10 hell knights
  An unseen horror (shapeshifter) (Depths:1)
  3 unseen horrors
  11 deep trolls
  The ghost of Naow the Cleaver, a novice FoFi (D:7)
  4 flayed ghosts
  A death drake (shapeshifter) (Depths:2)
  2 glowing orange brains
  A lindwurm (shapeshifter) (Depths:1)
  A deep elf archer (D:15)
  2 lindwurms (Lair:6)
  An iron dragon zombie (Depths:1)
  3 orc knights (Orc:2)
  4 necromancers
  4 harpies (Depths:2)
  4 deep elf magi (Elf:1)
  10 ugly things
  7 manticores
  A wolf spider zombie (D:13)
  19 orb spiders
  A mana viper (shapeshifter) (D:14)
  4 orc sorcerers (Orc:2)
  22 wolf spiders
  3 cyclopes
  3 moths of wrath
  2 ice statues (IceCv)
  An elephant (shapeshifter) (Depths:2)
  7 black mambas
  3 rust devils (Depths:3)
  2 merfolk sirens (Lair:2)
  A gargoyle (D:12)
  17 elephants
  10 torpor snails
  16 spiny frogs
  5 spectral swamp worms (Depths:3)
  9 komodo dragons
  18 yaktaurs
  6 kobold demonologists (D:14)
  2 efreet (D:14)
  7 rime drakes
  8 ice devils (IceCv)
  13 demonic crawlers
  7 tengu conjurers
  5 trolls
  39 jumping spiders
  A merfolk (Lair:2)
  A harpy skeleton (D:15)
  21 hornets
  4 tyrant leeches (Lair:6)
  A wind drake (shapeshifter) (Depths:1)
  10 blink frogs (Lair:6)
  31 slime creatures
  5 dream sheep (Lair:6)
  An ettin zombie (Depths:1)
  18 hippogriffs
  5 air elementals
  A meliai zombie (D:14)
  84 redbacks
  A vampire (D:11)
  A spriggan simulacrum (Depths:1)
  A spriggan (shapeshifter) (Depths:1)
  A large abomination (Abyss:2)
  A ynoxinul (Depths:3)
  A tarantella (shapeshifter) (Depths:2)
  5 basilisks
  8 water elementals
  72 yaks
  33 tarantellas
  4 fire bats (Depths:1)
  5 wyverns
  3 hungry ghosts (D:15)
  4 wargs
  14 water moccasins
  13 porcupines
  30 orc warriors
  2 sky beasts
  A hell hound (Depths:2)
  5 ice beasts
  2 black bears
  3 eyes of draining
  23 ogres
  5 boggarts (Depths:1)
  An ice dragon simulacrum (Depths:1)
  20 wolves
  A phantom (D:10)
  8 centaurs
  10 crocodiles
  A crocodile (shapeshifter) (D:13)
  8 big kobolds
  A wyvern zombie (D:15)
  25 bullfrogs
  5 gnoll sergeants (D:10)
  A wyvern skeleton (D:13)
  5 scorpions
  A water moccasin skeleton (D:8)
  5 wights (D:15)
  9 killer bees
  2 centaur zombies
  4 electric eels
  15 crimson imps
  A bullfrog zombie (D:13)
  12 jellies
  2 quasits
  8 hounds
  27 orc wizards
  A gnoll shaman (D:10)
  22 orc priests
  3 centaur skeletons
  4 bullfrog skeletons
  4 iguanas
  2 iron imps (Depths:3)
  13 worker ants
  A hound zombie (D:8)
  A worker ant zombie (D:9)
  10 gnolls
  18 adders
  9 shadow imps
  16 white imps
  13 ufetubi
  6 oozes
  An adder skeleton (D:9)
  4 dart slugs
  A worm (D:2)
  6 leopard geckos
  87 orcs
  5 ball pythons
  8 giant cockroaches
  12 goblins
  6 hobgoblins
  11 jackals
  22 kobolds
  2 quokkas
  8 bats
  3 frilled lizards
  A jackal skeleton (D:4)
  8 rats
  3 plants
1409 creatures vanquished.

Vanquished Creatures (others)
  A tengu reaver (Depths:3)
  A frost giant (Depths:2)
  A yaktaur captain (Depths:3)
  A centaur warrior (Depths:2)
  A deep elf mage (Elf:1)
  6 yaktaurs
  3 white imps (IceCv)
  An ufetubus (IceCv)
  A kobold (D:12)
  9 fungi
  60 plants
85 creatures vanquished.

Grand Total: 1494 creatures vanquished

Notes
Turn   | Place    | Note
-------+----------+-------------------------------------------
     0 | D:1      | Naow the Formicid Fighter began the quest for the Orb.
     0 | D:1      | Reached XP level 1. HP: 18/18 MP: 1/1
   263 | D:1      | Reached XP level 2. HP: 24/24 MP: 2/2
   560 | D:1      | Reached XP level 3. HP: 24/29 MP: 3/3
  1161 | D:2      | Gained mutation: You are partially covered in slimy green scales. (AC +2) [potion of mutation]
  1161 | D:2      | Gained mutation: Your flesh is heat resistant. (rF+) [potion of mutation]
  1161 | D:2      | Gained mutation: You passively map a small area around you. [potion of mutation]
  1167 | D:2      | Reached XP level 4. HP: 19/35 MP: 4/4
  1974 | D:2      | Reached XP level 5. HP: 41/41 MP: 5/5
  2449 | D:3      | Found a faded altar of an unknown god.
  2492 | D:3      | Reached skill level 5 in Shields
  2662 | D:3      | Found a glowing golden altar of the Shining One.
  2914 | D:3      | Found a shimmering altar of Xom.
  2914 | D:3      | Found a burning altar of Makhleb.
  3077 | D:4      | Noticed a centaur
  3080 | D:3      | Reached skill level 5 in Axes
  3080 | D:3      | Reached XP level 6. HP: 47/47 MP: 6/6
  3087 | D:4      | Noticed an ogre
  3161 | D:4      | Noticed an ogre
  3285 | D:4      | Killed an ogre
  3285 | D:4      | Reached XP level 7. HP: 40/52 MP: 5/7
  3800 | D:4      | Reached XP level 8. HP: 58/58 MP: 8/8
  4298 | D:5      | Entered Level 5 of the Dungeon
  4817 | D:5      | Found a bloodstained altar of Trog.
  5126 | D:6      | Found a sacrificial altar of Ru.
  5127 | D:6      | Found a stormy altar of Qazlal.
  5277 | D:6      | Reached XP level 9. HP: 45/64 MP: 5/9
  5978 | D:6      | Found a burning altar of Makhleb.
  6872 | D:7      | Noticed Naow's ghost (novice FoFi)
  7100 | D:6      | Reached skill level 5 in Armour
  7961 | D:7      | Reached skill level 10 in Axes
  8328 | D:6      | Reached XP level 10. HP: 70/70 MP: 10/10
  8345 | D:7      | Killed Naow's ghost
  8733 | D:7      | Found a staircase to the Ecumenical Temple.
  8740 | Temple   | Entered the Ecumenical Temple
  8840 | Temple   | Became a worshipper of Warmaster Okawaru
  9449 | D:8      | Reached skill level 1 in Dodging
  9619 | D:8      | Reached * piety under Okawaru
 10136 | D:8      | Found a staircase to the Lair.
 10660 | D:9      | Reached ** piety under Okawaru
 10680 | D:9      | Reached XP level 11. HP: 24/75 MP: 3/11
 11090 | D:9      | Found Nuhinlaox's Distillery.
 11509 | D:10     | Entered Level 10 of the Dungeon
 11560 | D:10     | Reached *** piety under Okawaru
 11609 | D:10     | Reached skill level 1 in Invocations
 11941 | D:10     | Found a transporter.
 11942 | D:10     | Noticed an unseen horror
 11963 | D:10     | Killed an unseen horror
 12325 | D:10     | Reached **** piety under Okawaru
 12829 | D:10     | Reached skill level 5 in Dodging
 12987 | D:10     | Noticed Erolcha
 13004 | D:10     | Killed Erolcha
 13109 | D:10     | Found a staircase to the Orcish Mines.
 13127 | D:10     | Reached ***** piety under Okawaru
 13136 | D:10     | Reached skill level 5 in Invocations
 13136 | D:10     | Reached XP level 12. HP: 41/81 MP: 8/15
 13566 | D:11     | Noticed Erica
 13588 | D:11     | Killed Erica
 13609 | D:11     | Received a gift from Okawaru
 13893 | D:11     | Noticed a two-headed ogre
 13910 | D:11     | Killed a two-headed ogre
 13910 | D:11     | Reached skill level 10 in Armour
 14952 | D:12     | Noticed Nessos
 14971 | D:12     | You fall through a shaft for 3 floors!
 14971 | D:15     | Entered Level 15 of the Dungeon
 14994 | D:15     | HP: 4/81 [poisoned by Nessos]
 14999 | D:15     | HP: 3/81 [poisoned by Nessos]
 15006 | D:15     | HP: 3/81 [poisoned by Nessos]
 15014 | D:15     | HP: 3/81 [poisoned by Nessos]
 15412 | D:13     | Noticed a centaur warrior
 15526 | D:14     | Noticed a six-headed hydra
 16005 | D:12     | Killed Nessos
 16005 | D:12     | Received a gift from Okawaru
 16005 | D:12     | Reached skill level 10 in Shields
 16216 | D:12     | Found Xemeidumn's Jewellery Emporium.
 16332 | D:10     | Learned a level 2 spell: Passwall
 16553 | Orc:1    | Entered Level 1 of the Orcish Mines
 16554 | Orc:1    | Noticed an ettin
 16572 | Orc:1    | Killed an ettin
 16572 | Orc:1    | Reached skill level 1 in Earth Magic
 16572 | Orc:1    | Reached XP level 13. HP: 53/87 MP: 7/19
 16574 | Orc:1    | Noticed a stone giant
 16608 | Orc:1    | Killed a stone giant
 17144 | Orc:2    | Entered Level 2 of the Orcish Mines
 17404 | Orc:2    | Noticed Sonja
 17510 | Orc:2    | Killed Sonja
 17955 | D:10     | Found a roughly hewn altar of Beogh.
 18269 | D:13     | Noticed a centaur warrior
 18284 | D:13     | Killed a centaur warrior
 18355 | D:13     | Reached skill level 1 in Transmutations
 18360 | D:13     | Reached skill level 5 in Fighting
 18445 | D:13     | Identified a scroll of acquirement
 18448 | D:13     | Got a bloodstained broad axe
 18449 | D:13     | Identified the +6 broad axe of Nemelex Xobeh's Favour {antimagic, +Rage rPois Str+3} (You acquired it on level 13 of the Dungeon)
 18785 | D:13     | Killed a centaur warrior
 19536 | D:13     | Noticed a seven-headed hydra
 19553 | D:13     | Killed a seven-headed hydra
 19553 | D:13     | Reached skill level 5 in Earth Magic
 19553 | D:13     | Reached skill level 10 in Invocations
 19968 | D:14     | Noticed a centaur warrior
 19974 | D:14     | Noticed a centaur warrior
 19978 | D:14     | Killed a centaur warrior
 19992 | D:14     | Killed a centaur warrior
 20043 | D:14     | Found a gate to the Vaults.
 20043 | D:14     | Noticed a vault guard
 20043 | D:14     | Noticed a vault guard
 20043 | D:14     | Noticed a vault guard
 20044 | D:14     | Noticed a vault guard
 20205 | Lair:1   | Entered Level 1 of the Lair of Beasts
 20249 | Lair:1   | Reached XP level 14. HP: 97/100 MP: 7/21
 20557 | Lair:1   | Found a frozen archway.
 20585 | IceCv    | Entered an ice cave
 20627 | IceCv    | Reached skill level 5 in Transmutations
 20906 | IceCv    | Noticed mrks's ghost (journeyman MiFi)
 20924 | IceCv    | Killed mrks's ghost
 21206 | IceCv    | Noticed a reaper
 21215 | IceCv    | Killed a reaper
 21217 | IceCv    | Identified Byith's Reference Book on Transmigration and Execration
 23079 | Lair:2   | Reached ****** piety under Okawaru
 23206 | Lair:2   | Received a gift from Okawaru
 23212 | Lair:2   | Found a hole to the Spider Nest.
 23409 | Lair:2   | Noticed Harold
 23424 | Lair:2   | Killed Harold
 23747 | Lair:2   | HP: 2/103 [12-headed hydra (9)]
 23996 | Lair:2   | Found a staircase to the Shoals.
 26419 | Lair:4   | Reached skill level 1 in Spellcasting
 26473 | Lair:4   | Reached XP level 15. HP: 112/112 MP: 22/22
 26550 | Lair:4   | Received a gift from Okawaru
 28747 | Lair:5   | Found a staircase to the Slime Pits.
 28935 | Lair:5   | Received a gift from Okawaru
 29210 | Lair:5   | Got a dazzling ring mail
 29221 | Lair:5   | Identified the +4 ring mail "Buomn" {rF+ Str+4 Slay+6} (You found it on level 5 of the Lair of Beasts)
 29859 | Lair:6   | Entered Level 6 of the Lair of Beasts
 30028 | Lair:6   | Reached skill level 10 in Fighting
 31467 | D:12     | Bought an uncursed ring of poison resistance for 280 gold pieces
 32173 | Lair:6   | Reached XP level 16. HP: 100/124 MP: 23/23
 32718 | Lair:6   | Received a gift from Okawaru
 33795 | Lair:6   | Found a runed door.
 34405 | Spider:1 | Entered Level 1 of the Spider Nest
 34638 | Spider:1 | Noticed Frances
 34700 | Spider:1 | Killed Frances
 34922 | Spider:1 | Received a gift from Okawaru
 35950 | Spider:1 | Received a gift from Okawaru
 36024 | Spider:1 | Reached skill level 15 in Axes
 36058 | Spider:1 | Reached XP level 17. HP: 67/133 MP: 5/24
 37577 | Spider:2 | Received a gift from Okawaru
 37582 | Spider:2 | Got a faintly glowing scale mail {god gift}
 40144 | Spider:4 | Entered Level 4 of the Spider Nest
 41147 | Spider:4 | Received a gift from Okawaru
 41147 | Spider:4 | Reached XP level 18. HP: 128/143 MP: 8/25
 41282 | Spider:4 | Noticed Louise
 41306 | Spider:4 | Killed Louise
 41848 | Spider:4 | Reached skill level 15 in Armour
 42148 | Spider:4 | Got a gossamer rune of Zot
 42836 | D:14     | Received a gift from Okawaru
 44066 | D:15     | Got a bloodstained buckler
 44078 | D:15     | Identified the +8 scale mail of Articulation {rC+} (Okawaru gifted it to you on level 2 of the Spider Nest)
 44104 | D:15     | Identified the +2 buckler "Vosaox" {Regen+ Int+4} (You took it off a crimson imp on level 15 of the Dungeon)
 44213 | D:15     | Found a staircase to the Depths.
 45242 | Orc:2    | Found a staircase to the Elven Halls.
 45377 | Orc:1    | Reached XP level 19. HP: 150/153 MP: 26/26
 45820 | Orc:2    | Noticed Urug
 45830 | Orc:2    | Killed Urug
 45842 | Orc:2    | Found a roughly hewn altar of Beogh.
 45916 | Orc:2    | Found Boqo's Antique Weapon Emporium.
 45924 | Orc:2    | Found Foomykol's Antique Armour Emporium.
 46152 | Orc:2    | Found Gecroifirgh's Book Emporium.
 46183 | Orc:2    | Bought a bloodstained large shield for 380 gold pieces
 46183 | Orc:2    | Bought a pair of runed gloves for 300 gold pieces
 46193 | Orc:2    | Identified the +4 large shield of Mihouma {rPois rC- MR+} (You bought it in a shop on level 2 of the Orcish Mines)
 46279 | Orc:2    | Found Fuxkai's General Store.
 46285 | Orc:2    | Bought a potion of heal wounds for 65 gold pieces
 46285 | Orc:2    | Bought a scroll of identify for 26 gold pieces
 46285 | Orc:2    | Bought a scroll of identify for 26 gold pieces
 46497 | Elf:1    | Entered Level 1 of the Elven Halls
 46895 | Depths:1 | Entered Level 1 of the Depths
 47443 | Depths:1 | Received a gift from Okawaru
 47960 | Depths:2 | Noticed a juggernaut
 47977 | Depths:2 | Killed a juggernaut
 47977 | Depths:2 | Reached skill level 15 in Fighting
 48130 | Depths:2 | Received a gift from Okawaru
 48133 | Depths:2 | Got a pair of steaming gloves {god gift}
 48313 | Depths:2 | Noticed a titan
 48320 | Depths:2 | Killed a titan
 48781 | Depths:2 | Noticed a lich
 48791 | Depths:2 | Killed a lich
 49472 | Depths:2 | Noticed a titan
 49480 | Depths:2 | Killed a titan
 49480 | Depths:2 | Reached skill level 10 in Dodging
 49735 | Depths:2 | Reached XP level 20. HP: 145/164 MP: 27/27
 49860 | Depths:2 | Received a gift from Okawaru
 50497 | Depths:2 | Noticed Margery
 50528 | Depths:2 | Killed Margery
 50928 | Depths:2 | Received a gift from Okawaru
 51995 | Depths:2 | Found a gateway to Hell.
 52151 | Depths:2 | Received a gift from Okawaru
 52971 | Depths:1 | Noticed a lich
 53378 | Depths:1 | Reached XP level 21. HP: 141/171 MP: 28/28
 53687 | Depths:1 | Found an iron altar of Okawaru.
 53698 | Depths:1 | Found a gateway to a ziggurat.
 54053 | Depths:1 | Received a gift from Okawaru
 54374 | Depths:1 | Found a corrupted altar of Lugonu.
 54375 | Depths:1 | Found a one-way gate to the infinite horrors of the Abyss.
 54828 | Depths:3 | Cast into level 2 of the Abyss (hell knight)
 54829 | Abyss:2  | Found a corrupted altar of Lugonu.
 54842 | Abyss:2  | Found an ancient bone altar of Kikubaaqudgha.
 54877 | Depths:3 | Escaped the Abyss
 55334 | Depths:3 | Noticed Sojobo
 55358 | Depths:3 | HP: 4/176 [tengu reaver/bolt of lightning[Sojobo] (47)]
 56235 | Depths:3 | Noticed a golden dragon
 56237 | Depths:3 | Noticed a golden dragon
 56255 | Depths:3 | Killed a golden dragon
 56261 | Depths:3 | Killed a golden dragon
 56399 | Depths:3 | Noticed a golden dragon
 56415 | Depths:3 | Killed a golden dragon
 56415 | Depths:3 | Received a gift from Okawaru
 56428 | Depths:3 | Identified the +0 pair of gloves "Poijus" {rElec rC+} (Okawaru gifted it to you on level 2 of the Depths)
 56591 | Depths:3 | Got a distressingly furry ring mail
 56618 | Depths:3 | Identified the Disquisition on Enthralling Talismans
 56991 | Depths:3 | Killed Sojobo
 57555 | Depths:3 | Found a one-way gate leading to the halls of Pandemonium.
 58365 | Depths:4 | Reached XP level 22. HP: 123/186 MP: 22/29
 58629 | Depths:4 | Noticed Boris
 58645 | Depths:4 | Killed Boris
 58645 | Depths:4 | Received a gift from Okawaru
 58652 | Depths:4 | Noticed a golden dragon
 58699 | Depths:4 | Killed a golden dragon
 58917 | Depths:4 | HP: 3/186 [spark wasp (14)]
 58917 | Depths:4 | Slain by a spark wasp

Skill      XL: |  1  2  3  4  5  6  7  8  9 10 11 12 13 14 15 16 17 18 19 20 21 22 |
---------------+-------------------------------------------------------------------+-----
Shields        | 4 5 6 7 9 10 11 12 13 14 | 14.0
Axes           | 3 4 5 7 8 10 11 12 13 15 16 17 18 | 18.1
Armour         | 5 7 9 10 11 12 13 14 15 16 17 | 17.9
Dodging        | 2 5 7 9 10 11 | 11.9
Invocations    | 5 8 10 | 10.1
Earth Magic    | 1 5 9 |  9.1
Fighting       | 6 8 10 12 13 14 15 17 18 | 18.9
Transmutations | 4 7 |  7.7
Spellcasting   | 1 4 |  4.9

Action                   |  1- 3 |  4- 6 |  7- 9 | 10-12 | 13-15 | 16-18 | 19-21 | 22-24 || total
-------------------------+-------+-------+-------+-------+-------+-------+-------+-------++-------
Melee: War axe           |   109 |   199 |   420 |   875 |    95 |       |       |       ||  1698
       Dire flail        |       |       |       |       |  1275 |   278 |       |       ||  1553
       Broad axe         |       |       |       |       |   460 |   954 |    22 |       ||  1436
       Battleaxe         |       |       |       |       |    35 |       |       |       ||    35
       Demon whip        |       |       |       |       |       |   106 |  1357 |   102 ||  1565
       Morningstar       |       |       |       |       |       |    18 |       |       ||    18
Invok: Heroism           |       |       |       |    19 |    19 |    15 |    19 |     2 ||    74
       Finesse           |       |       |       |     2 |     3 |     4 |     7 |       ||    16
 Abil: Dig               |       |       |       |     2 |     4 |       |       |       ||     6
       Shaft Self        |       |       |       |     1 |       |       |       |       ||     1
Evoke: Wand              |       |       |       |       |     1 |     1 |       |       ||     2
  Use: Potion            |     2 |       |     2 |     1 |     5 |       |    12 |       ||    22
       Scroll            |       |       |       |    12 |    11 |    10 |       |       ||    33
 Stab: Petrified         |       |       |       |       |       |    11 |       |       ||    11
       Distracted        |       |       |       |       |       |     1 |     1 |       ||     2
  Eat: Chunk             |     1 |     7 |    12 |    20 |    38 |    33 |    26 |     2 ||   139
       Meat ration       |       |       |     1 |     2 |     2 |     2 |     3 |       ||    10
       Fruit             |       |       |       |     1 |       |       |       |       ||     1
Armor: Scale mail        |    61 |    89 |   184 |    14 |       |       |       |       ||   348
       Plate armour      |       |       |       |   254 |   574 |       |       |       ||   828
       Ring mail         |       |       |       |       |   132 |   456 |   221 |    21 ||   830
Dodge: Dodged            |    46 |    62 |   148 |   206 |   519 |   445 |   332 |    15 ||  1773
       Deflected         |       |       |       |       |    12 |     8 |    19 |     1 ||    40
Block: Shield            |    66 |   104 |   290 |   414 |       |       |       |       ||   874
       Large shield      |       |       |       |    56 |  1824 |  1352 |   946 |    69 ||  4247
       Reflection        |       |       |       |       |     1 |    23 |    67 |     2 ||    93
